 Dungeon Crawl Stone Soup version 0.30-a0-948-g4fa250aae5 (webtiles) character file.

Game seed: 8942967970428471276

96 jimonade the Trooper (level 4, 0/40 HPs)
             Began as a Hill Orc Fighter on Mar 27, 2023.
             Killed from afar by a white imp (5 damage)
             ... with a puff of frost
             ... summoned by Natasha
             ... on level 3 of the Dungeon.
             The game lasted 00:02:24 (2020 turns).

jimonade the Trooper (Hill Orc Fighter)             Turns: 2020, Time: 00:02:25

Health: 0/40       AC:  7    Str: 18    XL:     4   Next: 67%
Magic:  5/5        EV:  7    Int: 10    God:
Gold:   123        SH:  8    Dex: 10    Spells: 3/3 levels left

rFire   . . .      SeeInvis .    a - +0 war axe
rCold   . . .      Faith    .    f - +0 kite shield
rNeg    . . .      Spirit   .    b - +0 scale mail
rPois   .          Reflect  .    (no helmet)
rElec   .          Rampage  .    (no cloak)
rCorr   .                        (no gloves)
Will    .....                    (no boots) Stlth
                                 (no amulet)
HPRegen 0.26/turn                (no ring)
MPRegen 0.09/turn                (no ring)

@: slowed, very slow
A: no striking features
a: no special abilities


You were on level 3 of the Dungeon.
You visited 1 branch of the dungeon, and saw 3 of its levels.

You collected 123 gold pieces.

Inventory:

Hand Weapons
 a - a +0 war axe (weapon)
Missiles
 m - 5 poisoned darts (quivered)
Armour
 b - a +0 scale mail (worn)
 c - a +0 buckler
 f - a +0 kite shield (worn)
Scrolls
 e - a scroll of identify {unknown}
 i - a scroll of fog {unknown}
 k - a scroll of enchant armour {unknown}
 n - a scroll of fear {unknown}
Potions
 d - a potion of might
 g - a potion of cancellation {unknown}
 h - a potion of curing {unknown}
 j - a potion of degeneration {unknown}
 l - a potion of ambrosia {unknown}
 o - 2 potions of heal wounds {unknown}


   Skills:
 + Level 4.1 Fighting
 + Level 3.8 Axes
 + Level 3.8 Armour
 + Level 3.7 Shields
 * Level 2.6 Invocations


You had 3 spell levels left.
You didn't know any spells.
Your spell library contained the following spells:

 Spells                   Type           Power      Damage    Failure   Level
 Shock                    Conj/Air       0%         1d3       98%         1
 Cigotuvi's Dreadful Rot  Necr/Pois/Air  0%         N/A       99%         2
 Poisonous Vapours        Pois/Air       0%         N/A       99%         2
 Inner Flame              Hex/Fire       0%         N/A       100%        3
 Mephitic Cloud           Conj/Pois/Air  0%         N/A       100%        3
 Swiftness                Air            0%         N/A       100%        3
 Vhi's Electric Charge    Tloc/Air       0%         N/A       100%        3
 Airstrike                Air            0%         2d(0-16)  100%        4
 Flame Wave               Conj/Fire      0%         2d4       100%        4
 Sticky Flame             Conj/Fire      0%         2d3       100%        4
 Arcjolt                  Conj/Air       0%         1d10      100%        5
 Maxwell's Capacitive Co  Air            0%         ∞         100%        8


Dungeon Overview and Level Annotations

Branches:
Dungeon (3/15)

Altars:
Sif Muna

Annotations:
D:3 Natasha


Message History

You hit the white imp.
The white imp is severely wounded.
You miss the adder.
You feel sick.
You are no longer poisoned.
You block the adder's attack. The white imp gestures at you.
The puff of frost hits you. The adder bites you but does no damage.
The white imp closely misses you. You block the adder's attack.
You are too injured to fight recklessly!
You are too injured to fight recklessly!
You are too injured to fight recklessly!
You are too injured to fight recklessly!
You are too injured to fight recklessly!
You miss the adder.
The adder is moderately wounded.
You hit the white imp but do no damage. You block the adder's attack.
You block the white imp's attack. The adder barely misses you.
The white imp gestures at you. The puff of frost hits you.
The adder barely misses you.
You miss the adder.
The adder is moderately wounded.
You hit the white imp but do no damage. The white imp gestures at you.
The puff of frost hits you but does no damage.
The adder bites you. The white imp barely misses you.
The adder completely misses you. The white imp hits you.
* * * LOW HITPOINT WARNING * * *
The white imp freezes you.
* * * LOW HITPOINT WARNING * * *
You closely miss the adder.
The adder is moderately wounded.
You barely miss the white imp. You block the adder's attack.
The adder bites you but does no damage. The white imp gestures at you.
The puff of frost hits you.
* * * LOW HITPOINT WARNING * * *
The adder closely misses you. The white imp gestures at you.
The puff of frost hits you.
You die...

..###........#
..............
#...........
......... .....#
#.#####..5#
#.......h5#
#########S#####
.........@5>..##
..#####(.......## .
#..........######..
#...###.#..........
......#..##.######..
#....#.#.###.##
#.#.#..#.#.# #..#
#...####.#.####.##
..... #..#
#.#.#.##..###


You could see Natasha, an adder, 2 white imps and a shadow imp (summoned).

Vanquished Creatures
  A gnoll (D:1)
  3 adders
  A dart slug (D:2)
  6 ball pythons
  4 bats
  4 endoplasms
  2 giant cockroaches
  7 goblins
  6 hobgoblins
  8 jackals
  5 frilled lizards
  2 kobolds
  5 rats
54 creatures vanquished.

Notes
Turn   | Place    | Note
-------+----------+-------------------------------------------
     0 | D:1      | jimonade the Hill Orc Fighter began the quest for the Orb.
     0 | D:1      | Reached XP level 1. HP: 19/19 MP: 1/1
   287 | D:1      | Reached XP level 2. HP: 27/27 MP: 2/2
   454 | D:1      | Reached skill level 1 in Invocations
   456 | D:1      | Reached XP level 3. HP: 29/33 MP: 3/3
  1068 | D:2      | Reached skill level 4 in Fighting
  1203 | D:2      | Reached XP level 4. HP: 28/40 MP: 5/5
  1290 | D:2      | Found a faded altar of an unknown god.
  1916 | D:3      | Found a shimmering blue altar of Sif Muna.
  2008 | D:3      | Noticed Natasha
  2020 | D:3      | Killed from afar by a white imp

Illustrated notes

Levels and vault maps discovered:
D:1:      dpeg_arrival_round_c, layout_loops_corners,
          chequers_serial_rivers_micro_d
D:2:      layout_rooms, shapermc_ecumenical_altar_flowoftime
D:3:      layout_rooms, nicolae_overflow_crystal_walls,
          mainiacjoe_overflow_cross_hatched, serial_co_window_serial,
          co_window_paths_a, co_window_paths_b, co_window_cross_1,
          co_window_paths_a, co_window_paths_b, co_window_paths_c,
          co_window_of_opportunity_c, co_window_2corner, co_window_corner_cb,
          co_window_4corner_b, glass_columns_c, glass_columns_c,
          glass_columns_c, glass_columns_b, uniq_natasha, uniq_grinder

Skill      XL: |  1  2  3 |
---------------+----------+-----
Invocations    | 1 2 |  2.6
Axes           | 3 |  3.8
Fighting       | 4 |  4.1
Armour         | |  3.8
Shields        | |  3.7

Action                     |  1- 3 |  4- 6 || total
---------------------------+-------+-------++-------
  Melee: War axe           |    88 |    55 ||   143
 Armour: Scale mail        |    59 |    38 ||    97
  Dodge: Dodged            |    41 |    27 ||    68
  Block: Kite shield       |    62 |    33 ||    95

Table legend: (Time is in decaauts)
 A = Elapsed time spent in this place.
 B = Non-inter-level travel time spent in this place.
 C = Inter-level travel time spent in this place.
 D = Time resting spent in this place.
 E = Time spent auto-exploring this place.
 F = Levels seen in this place.
 G = Mean time per level.
                   A        B        C        D        E       F      G
               +--------+--------+--------+--------+--------+-----+--------+
         Total |   2098 |   1975 |    123 |     34 |   1497 |   3 |  699.3 |
       Dungeon |   2098 |   1975 |    123 |     34 |   1497 |   3 |  699.3 |
               +--------+--------+--------+--------+--------+-----+--------+

Top non-repeatable levels by time:
     D:1: 1080 daAuts
     D:2: 928 daAuts
     D:3: 89 daAuts
